 Dungeon Crawl Stone Soup version 0.22-a0-247-gbddf880 (webtiles) character file.

2361 sankara the Spear-Bearer (level 9, 83/83 HPs)
             Began as a Hill Orc Fighter on Feb 23, 2018.
             Was a Believer of Yredelemnul.
             Got out of the dungeon alive.
             The game lasted 00:20:34 (7507 turns).

sankara the Spear-Bearer (Hill Orc Fighter)         Turns: 7507, Time: 00:20:34

Health: 83/83      AC: 15    Str: 22    XL:     9   Next: 44%
Magic:  10/10      EV:  4    Int:  8    God:    Yredelemnul [**....]
Gold:   492        SH:  9    Dex: 10    Spells: 8/8 levels left

rFire    . . .     SeeInvis .   a - +2 trident (pierce)
rCold    . . .     Gourm    .   c - +0 shield
rNeg     . . .     Faith    .   y - +0 plate armour
rPois    .         Spirit   .   (no helmet)
rElec    .         Reflect  .   C - +0 cloak
rCorr    .         Harm     .   p - +1 pair of gloves
MR       .....                  (no boots)
Stlth    ..........             (no amulet)
HPRegen  0.23/turn              (no ring)
MPRegen  0.12/turn              (no ring)

@: no status effects
A: no striking features
a: Animate Remains, Recall Undead Slaves, Injury Mirror, Renounce Religion


You escaped.
You worshipped Yredelemnul.
Yredelemnul was pleased with you.
You were not hungry.

You visited 2 branches of the dungeon, and saw 8 of its levels.

You collected 492 gold pieces.

Inventory:

Hand Weapons
 a - a +2 trident of piercing (weapon)
   (You took it off a gnoll sergeant on level 7 of the Dungeon)
 i - a +4 whip
   (You found it on level 4 of the Dungeon)
 l - a +1 whip of electrocution
   (You found it on level 1 of the Dungeon)
Missiles
 b - 158 stones (quivered)
 h - 17 sling bullets
 w - 7 tomahawks
 E - 14 curare-tipped needles
 H - a throwing net {=f, !d}
Armour
 c - a +0 shield (worn)
 p - a +1 pair of gloves (worn)
   (You found it on level 5 of the Dungeon)
 r - a +0 buckler
   (You found it on level 5 of the Dungeon)
 y - a +0 plate armour (worn)
   (You found it on level 6 of the Dungeon)
 C - a +0 cloak (worn)
   (You took it off Crazy Yiuf on level 2 of the Dungeon)
Wands
 J - a wand of digging (11)
   (You found it on level 7 of the Dungeon)
Scrolls
 e - 2 scrolls of enchant weapon
 k - 2 scrolls of remove curse
 s - 7 scrolls of identify
 t - a scroll of random uselessness {unknown}
 u - a scroll of acquirement {unknown}
 x - a scroll of fear {unknown}
 A - a scroll of teleportation
 F - a scroll of blinking {unknown}
 G - a scroll of amnesia {unknown}
 I - a scroll of enchant armour {unknown}
 K - a scroll of fog
Potions
 d - a potion of might
 g - 3 potions of flight {unknown}
 j - a potion of resistance
 m - a potion of agility {unknown}
 n - 3 potions of degeneration {unknown}
 o - 6 potions of curing {unknown}
 q - 4 potions of heal wounds {unknown}
 v - 3 potions of lignification {unknown}
 z - 2 potions of mutation {unknown}
 B - a potion of magic {unknown}
 D - a potion of brilliance {unknown}
 M - a potion of ambrosia {unknown}
Comestibles
 f - 10 rations


   Skills:
 + Level 9.0 Fighting
 + Level 10.4 Polearms
 + Level 4.0 Armour
 + Level 1.3 Dodging
 + Level 4.0 Shields
 + Level 2.3 Invocations


You had 8 spell levels left.
You didn't know any spells.

Dungeon Overview and Level Annotations

Branches:
Dungeon (7/15)             Temple (1/1) D:6

Altars:
Ashenzari
Cheibriados
Dithmenos
Elyvilon
Fedhas
Gozag
Hepliaklqana
Makhleb
Nemelex Xobeh
Okawaru
Qazlal
Ru
Sif Muna
Trog
Uskayaw
Vehumet
Wu Jian
Xom
Yredelemnul
Zin
The Shining One

Shops:
D:5 (

Annotations:
D:3 1 runed door


Message History

Your shield and plate armour prevent you from hitting the gnoll.
The gnoll is severely wounded.
The gnoll hits you but does no damage.
The centaur shoots an arrow.
You block the arrow.
Your gnoll zombie hits the gnoll from afar with a spear.
The gnoll dies!
Yredelemnul accepts your kill.
Attack whom?
Press: ? - help, Dir - move target cursor, f - centaur
Aim: a centaur, wielding a shortbow You reach to attack!
You hit the centaur.
The centaur is lightly wounded.
The centaur shoots an arrow.
The arrow barely misses you. The arrow hits your orc priest zombie!
Attack whom?
Press: ? - help, Dir - move target cursor, f/p - centaur
Aim: a centaur, wielding a shortbow (lightly wounded)
You reach to attack!
You puncture the centaur!
The centaur is almost dead.
The centaur shoots an arrow.
You block the arrow.
Your gnoll zombie closely misses the centaur.
Attack whom?
Press: ? - help, Dir - move target cursor, f/p - centaur
Aim: a centaur, wielding a shortbow (almost dead)
You reach to attack!
You hit the centaur.
You kill the centaur!
Yredelemnul accepts your kill.
Your Fighting skill increases to level 9!
Your Armour skill increases to level 4!
Your Shields skill increases to level 4!
No target in view!
No target in view!
You swap places.
You see here a spear.
You now have 428 gold pieces (gained 20).
Things that are here:
a shortbow; 37 arrows You now have 444 gold pieces (gained 16).
You now have 450 gold pieces (gained 6).
You swap places.
You now have 467 gold pieces (gained 17).
You now have 478 gold pieces (gained 11).
You swap places.
You swap places.
You swap places.
You now have 492 gold pieces (gained 14).
Done exploring.
Done exploring.
Save game and exit?
Welcome back, sankara the Hill Orc Fighter.
Yredelemnul says: Carry the black torch!
Rouse the idle dead!
Press ? for a list of commands and other information.
(D) Dungeon (T) Temple
Where to? (? - help)
What level of the Dungeon? (default 1, ? - help)
You swap places.
You see here a spear.
There is a large open door, spattered with blood here.
You see here 5 arrows.
Things that are here:
a spear; a gnoll corpse
Things that are here:
a club; a flail; a chain mail
There is an open door, spattered with blood here.
Items here: )) ÷ † a club; a dagger; a kobold skeleton; a kobold corpse Magic restored.
Items here: ) [ ÷ † a scale mail; a +1 trident; a gnoll skeleton; a kobold corpse
Things that are here:
a robe; a dagger
There is an open gate here.
Your ogre zombie hits the plant but does no damage.
Something hits the plant.
You see here 23 arrows.
There is a stone staircase leading up here.
You climb upwards.
There is a stone staircase leading down here.
HP restored.
There is a stone staircase leading up here.
You climb upwards.
There is a stone staircase leading down here.
There is a stone staircase leading up here.
You climb upwards.
There is a stone staircase leading down here.
There is a stone staircase leading up here.
You climb upwards.
Level annotation: 1 runed door
There is a stone staircase leading down here.
The angel shouts!
There is a stone staircase leading up here.
You climb upwards.
There is a stone staircase leading down here.
There is a stone staircase leading up here.
You climb upwards.
There is a stone staircase leading down here.
You see here a leather armour.
There is a staircase leading out of the dungeon here.
Are you sure you want to leave the Dungeon?
This will make you lose the game!
You have escaped!

............##.....##............
............##.....###.....######
.................................
.####.........[........###.######
.# #........#.....#...# #.# >#
#.......##.######..# #.#
#####........8.....8...###)##
#..........#.....#........#
###..........#..@..#........#
.............#.....#........#####
..........#..8.....8........#....
..........#.######.##.#.......###
..........#..#.....##.........#
.........##...................#
.........######...............#
.........# #.###...#.......#
.......########.......#.......#


There were no monsters in sight!

Vanquished Creatures
  Grinder (D:4)
  2 sky beasts (D:6)
  A black bear (D:7)
  2 centaurs (D:7)
  5 ogres
  Blork the orc (D:4)
  A bullfrog (D:4)
  3 scorpions
  4 crimson imps
  A bullfrog zombie (D:4)
  3 hounds
  3 orc priests
  2 orc wizards
  Crazy Yiuf (D:2)
  7 worker ants
  A hound zombie (D:7)
  9 gnolls (D:7)
  A howler monkey skeleton (D:7)
  3 adders
  A shadow imp (D:6)
  An ooze (D:4)
  An adder zombie (D:7)
  2 adder skeletons (D:5)
  5 dart slugs
  7 leopard geckos
  15 orcs
  2 ball pythons
  9 giant cockroaches
  7 goblins
  8 hobgoblins
  8 jackals
  5 bats
  6 frilled lizards
  A jackal zombie (D:7)
  11 kobolds
  A leopard gecko skeleton (D:6)
  7 rats
148 creatures vanquished.

Vanquished Creatures (collateral kills)
  3 gnoll sergeants (D:7)
  An orc wizard (D:7)
  4 gnolls (D:7)
  A kobold (D:7)
9 creatures vanquished.

Vanquished Creatures (others)
  A hound zombie (D:7)
  A kobold zombie (D:7)
  A leopard gecko zombie (D:7)
3 creatures vanquished.

Grand Total: 160 creatures vanquished

Notes
Turn   | Place    | Note
-------+----------+-------------------------------------------
     0 | D:1      | sankara the Hill Orc Fighter began the quest for the Orb.
     0 | D:1      | Reached XP level 1. HP: 19/19 MP: 1/1
    63 | D:1      | Reached XP level 2. HP: 24/27 MP: 2/2
   139 | D:1      | Reached skill level 3 in Polearms
   174 | D:1      | Reached skill level 4 in Fighting
   307 | D:1      | Reached XP level 3. HP: 30/33 MP: 3/3
   800 | D:3      | Noticed an angel
   801 | D:3      | Found a glowing silver altar of Zin.
   816 | D:3      | Found a runed door.
   878 | D:3      | Found a faded altar of an unknown god.
   948 | D:4      | Reached skill level 4 in Polearms
   948 | D:4      | Reached XP level 4. HP: 35/41 MP: 4/4
  1066 | D:4      | Found a snail-covered altar of Cheibriados.
  1110 | D:4      | Noticed a bullfrog
  1120 | D:4      | Killed a bullfrog
  1120 | D:4      | Reached skill level 5 in Fighting
  1120 | D:4      | Reached skill level 5 in Polearms
  1120 | D:4      | Reached XP level 5. HP: 33/48 MP: 5/5
  1303 | D:4      | Noticed an ogre
  1322 | D:4      | HP: 12/48 [ogre/giant club (27)]
  1323 | D:4      | Killed an ogre
  1323 | D:4      | Reached XP level 6. HP: 14/56 MP: 6/6
  1677 | D:4      | Noticed Grinder
  1684 | D:4      | Paralysed by Grinder for 6 turns
  1698 | D:4      | HP: 13/56 [Grinder (2)]
  1701 | D:4      | Killed Grinder
  1701 | D:4      | Reached skill level 6 in Fighting
  1701 | D:4      | Reached skill level 6 in Polearms
  1701 | D:4      | Reached XP level 7. HP: 14/63 MP: 7/7
  2010 | D:4      | Noticed Blork the orc
  2018 | D:4      | Killed Blork the orc
  2018 | D:4      | Reached skill level 7 in Polearms
  2234 | D:5      | Entered Level 5 of the Dungeon
  2551 | D:5      | Found a burning altar of Makhleb.
  2552 | D:5      | Found an iron altar of Okawaru.
  2552 | D:5      | Found a glowing silver altar of Zin.
  2552 | D:5      | Found a blossoming altar of Fedhas.
  2553 | D:5      | Found a sacrificial altar of Ru.
  2553 | D:5      | Found a hazy altar of Hepliaklqana.
  2574 | D:5      | Found Sourphouv's Weapon Emporium.
  3049 | D:6      | Reached skill level 8 in Polearms
  3073 | D:6      | Reached skill level 7 in Fighting
  3073 | D:6      | Reached XP level 8. HP: 61/73 MP: 8/8
  3218 | D:6      | HP: 18/73 [poisoned by a scorpion]
  3225 | D:6      | HP: 17/73 [poisoned by a scorpion]
  3232 | D:6      | HP: 16/73 [poisoned by a scorpion]
  3240 | D:6      | HP: 16/73 [poisoned by a scorpion]
  3250 | D:6      | HP: 17/73 [orc/hand axe (1)]
  3257 | D:6      | HP: 17/73 [orc/dagger (1)]
  3567 | D:6      | Reached skill level 9 in Polearms
  3742 | D:6      | Found a staircase to the Ecumenical Temple.
  3969 | Temple   | Entered the Ecumenical Temple
  4022 | Temple   | Became a worshipper of Yredelemnul the Dark
  4602 | D:2      | Found a runed door.
  4661 | D:2      | Reached skill level 8 in Fighting
  4989 | D:2      | Noticed Crazy Yiuf
  4995 | D:2      | Killed Crazy Yiuf
  5496 | D:3      | Found a radiant altar of Vehumet.
  6021 | D:7      | Reached skill level 10 in Polearms
  6027 | D:7      | Reached XP level 9. HP: 33/82 MP: 9/9
  6031 | D:7      | Reached * piety under Yredelemnul
  6618 | D:7      | Reached skill level 1 in Invocations
  6828 | D:7      | Found a sparkling altar of Nemelex Xobeh.
  7063 | D:7      | Reached skill level 1 in Dodging
  7110 | D:7      | Reached skill level 2 in Invocations
  7272 | D:7      | Reached ** piety under Yredelemnul
  7301 | D:7      | Reached skill level 9 in Fighting
  7301 | D:7      | Reached skill level 4 in Armour
  7301 | D:7      | Reached skill level 4 in Shields
  7324 | D:7      | Upgraded the game from 0.22-a0-246-gdc04c06 to 0.22-a0-247-gbddf880
  7507 | D:$      | Got out of the dungeon alive.

Vault maps used:
D:1:      scummos_arrival_simple_crosswalls, minmay_tripent
D:2:      minmay_quantized, uniq_crazy_yiuf_cottage
D:3:      lemuel_coloured_pillars_altar, chequers_ecumenical_altar_simple,
          first_ration, lemuel_angel_altar
D:4:      cheibriados_altar_1, minmay_misc_feat_cross, amethyst_killhole,
          st_stairs_12, grunt_ministairs_15, uniq_blork_the_orc, uniq_grinder
D:5:      grunt_temple_overflow_open, serial_shops, shop_statue
D:6:      minmay_temple_entry_from_below_a, serial_park_tiny_2
D:7:      kennysheep_housing_project, marbit_many_paths
Temple:   minmay_temple_bridge_abc

Skill      XL: |  1  2  3  4  5  6  7  8  9 |
---------------+----------------------------+-----
Polearms       | 3 4 5 6 8 10 | 10.4
Fighting       | 4 5 6 7 8 9 |  9.0
Invocations    | 2 |  2.3
Dodging        | 1 |  1.3
Armour         | 4 |  4.0
Shields        | 4 |  4.0

Action                   |  1- 3 |  4- 6 |  7- 9 || total
-------------------------+-------+-------+-------++-------
Melee: Trident           |   111 |    63 |   446 ||   620
Invok: Animate Remains   |       |       |    14 ||    14
  Use: Scroll            |     3 |     2 |       ||     5
 Stab: Distracted        |       |       |     1 ||     1
  Eat: Chunk             |       |     3 |    19 ||    22
       Ration            |       |       |     1 ||     1
Armor: Scale mail        |    23 |       |       ||    23
       Chain mail        |    30 |    23 |    89 ||   142
       Plate armour      |       |       |    79 ||    79
Dodge: Dodged            |    15 |     7 |    41 ||    63
Block: Shield            |    38 |    28 |   138 ||   204

Table legend:
 A = Spawn XP
 B = Non-spawn XP
 C = Spawn XP percentage of total XP
 D = Spawn monster count
 E = Non-spawn monster count
 F = Spawn count percentage of total count
 G = Total turns spent on level
                    A         B        C        D         E        F      G
               +---------+---------+-------+---------+---------+-------+---------
         Total |       0 |    3373 |   0.0 |       0 |     157 |   0.0 |  7507
               +---------+---------+-------+---------+---------+-------+---------
           D:1 |       0 |      53 |   0.0 |       0 |      29 |   0.0 |   819
           D:2 |       0 |      84 |   0.0 |       0 |      19 |   0.0 |   887
           D:3 |       0 |      94 |   0.0 |       0 |       9 |   0.0 |   718
           D:4 |       0 |     734 |   0.0 |       0 |      13 |   0.0 |  1431
           D:5 |       0 |     291 |   0.0 |       0 |      17 |   0.0 |   871
           D:6 |       0 |     654 |   0.0 |       0 |      23 |   0.0 |   968
           D:7 |       0 |    1463 |   0.0 |       0 |      47 |   0.0 |  1739
               +---------+---------+-------+---------+---------+-------+---------

Vault maps used:
D:1:      scummos_arrival_simple_crosswalls, minmay_tripent
D:2:      minmay_quantized, uniq_crazy_yiuf_cottage
D:3:      lemuel_coloured_pillars_altar, chequers_ecumenical_altar_simple,
          first_ration, lemuel_angel_altar
D:4:      cheibriados_altar_1, minmay_misc_feat_cross, amethyst_killhole,
          st_stairs_12, grunt_ministairs_15, uniq_blork_the_orc, uniq_grinder
D:5:      grunt_temple_overflow_open, serial_shops, shop_statue
D:6:      minmay_temple_entry_from_below_a, serial_park_tiny_2
D:7:      kennysheep_housing_project, marbit_many_paths
Temple:   minmay_temple_bridge_abc

Table legend:
 A = Turns spent in this place as a percentage of turns spent in the entire game.
 B = Non-inter-level travel turns spent in this place as a percentage of non-inter-level travel turns spent in the entire game.
 C = Inter-level travel turns spent in this place as a percentage of turns spent in this place.
 D = Turns resting spent in this place as a percentage of non-inter-level travel turns spent in this place.
 E = Turns spent auto-exploring this place as a percentage of non-inter-level travel turns spent in this place.
 F = Non-inter-level travel turns spent in this place divided by the number of levels of this place that you've seen.
                   A       B       C       D       E      F
               +-------+-------+-------+-------+-------+----------------------
         Total | 100.0 | 100.0 |   7.7 |  23.3 |  57.4 | 865.9
       Dungeon |  99.0 |  99.1 |   7.6 |  23.5 |  57.2 | 981.1
        Temple |   1.0 |   0.9 |  20.3 |   0.0 |  76.3 |  59.0
               +-------+-------+-------+-------+-------+----------------------

Table legend:
 A = Kills in this place as a percentage of kills in entire the game.
 B = Kills by you in this place as a percentage of kills by you in the entire game.
 C = Kills by friends in this place as a percentage of kills by friends in the entire game.
 D = Other kills in this place as a percentage of other kills in the entire game.
 E = Experience gained in this place as a percentage of experience gained in the entire game.
 F = Experience gained in this place divided by the number of levels of this place that you have seen.
                   A       B       C       D       E      F
               +-------+-------+-------+-------+-------+----------------------
         Total | 100.0 | 100.0 | 100.0 |   N/A | 100.0 | 421.6
       Dungeon | 100.0 | 100.0 | 100.0 |   N/A | 100.0 | 481.9
               +-------+-------+-------+-------+-------+----------------------
